[Event "Evening Daily Blitz Arena"]
[Site "https://chessrook.com/A1x0ZTcviN"]
[Date "2025.04.04"]
[White "alhande"]
[Black "630page"]
[Result "0-1"]
[WhiteElo "2248"]
[BlackElo "2437"]
[PlyCount "130"]
[Variant "Standard"]
[TimeControl "300+0"]
[ECO "C25"]
[Opening "Vienna Game: Vienna Gambit"]
[Termination "Normal"]
[Annotator "chessrook.com"]

1. e4 e5 2. Nc3 Nc6 3. f4 { C25 Vienna Game: Vienna Gambit } f6 4. Nf3 h5 5. d4 Nxd4 6. Be3 Bd6 7. Nxd4 exd4 8. Qxd4 Nh6 9. g3 Qe7 10. Nb5 a6 11. Nxd6+ Qxd6 12. Qxd6 cxd6 13. Be2 Nf7 14. a4 h4 15. O-O-O d5 16. Bf3 hxg3 17. hxg3 d6 18. e5 Rxh1 19. Bxh1 Bg4 20. exf6 Bxd1 21. Bxd5 Bxc2 22. Kxc2 gxf6 23. Kd2 a5 24. Bb6 Nd8 25. g4 Nc6 26. b3 Kf8 27. g5 Kg7 28. gxf6+ Kg6 29. f7 Rh8 30. Ke3 Ne7 31. f5+ Nxf5+ 32. Kf4 Ne7 33. Bxb7 Rh4+ 34. Kg3 Nf5+ 35. Kf3 Kxf7 36. Bd8 Rh3+ 37. Ke4 Ne7 38. Kd4 Ke6 39. Bxe7 Kxe7 40. Bc6 Rxb3 41. Kd5 Rb4 42. Bd7 Rb2 43. Bc6 Rd2+ 44. Ke4 Ke6 45. Be8 d5+ 46. Ke3 Rd1 47. Bc6 Re1+ 48. Kd4 Re4+ 49. Kc5 Rc4+ 50. Kb6 Rxc6+ 51. Kb5 Rc1 52. Kxa5 Ra1 53. Kb4 Kf5 54. Kb3 Ke4 55. Kb4 d4 56. a5 Rxa5 57. Kb3 d3 58. Kc3 Ke3 59. Kc4 d2 60. Kb4 Rf5 61. Kc4 d1=Q 62. Kb4 Kd3 63. Ka3 Ra5+ 64. Kb2 Rb5+ 65. Ka3 Qa1# { White is checkmated } 0-1